 Dungeon Crawl Stone Soup version 0.21-a0-584-g185da8e (webtiles) character file.

330 Bluekicks the Conjurer (level 6, -1/45 HPs)
             Began as a Draconian Conjurer on Dec 21, 2017.
             Slain by an ogre
             ... wielding a cursed -1 giant club
              (22 damage)
             ... on level 4 of the Dungeon.
             The game lasted 00:54:00 (5159 turns).

Bluekicks the Conjurer (Draconian Conjurer)         Turns: 5159, Time: 00:54:01

Health: -1/45      AC:  6    Str: 10    XL:     6   Next: 26%
Magic:  2/11       EV: 12    Int: 16    God:
Gold:   149        SH:  0    Dex: 11    Spells: 5/12 levels left

rFire    . . .     SeeInvis .   i - +2 dagger (elec)
rCold    + . .     Gourm    .   (no shield)
rNeg     . . .     Faith    .   (armour unavailable)
rPois    .         Spirit   .   (helmet restricted)
rElec    .         Reflect  .   (no cloak)
rCorr    .         Harm     .   (no gloves)
MR       .....                  (no boots)
Stlth    ++........             (no amulet)
HPRegen  0.15/turn              (no ring)
MPRegen  0.12/turn              (no ring)

@: no status effects
A: unfitting armour, big wings, cold resistance 1, dopey 1, cold-blooded, AC +6
a: Fly


You were on level 4 of the Dungeon.
You were hungry.

You visited 1 branch of the dungeon, and saw 4 of its levels.

You collected 149 gold pieces.

Inventory:

Hand Weapons
 h - a +0 blowgun
 i - a +2 dagger of electrocution (weapon)
 l - a +0 blowgun
 o - a +0 dagger of venom
Missiles
 k - 23 poisoned needles
 n - 23 bolts
 p - 66 stones (quivered)
 r - 24 arrows
Wands
 j - a wand of polymorph (13)
Scrolls
 d - 4 scrolls of magic mapping
 m - a scroll of identify
 q - a scroll of blinking
 s - a scroll of remove curse
Potions
 f - a potion of lignification
Books
 a - a book of Conjurations

   Spells                             Type                      Level
   a - Magic Dart                     Conjuration                  1
   b - Searing Ray                    Conjuration                  2
   c - Dazzling Spray                 Conjuration/Hexes            3
   d - Fulminant Prism                Conjuration/Hexes            4
   e - Force Lance                    Conjuration/Translocation    4
   f - Iskenderun's Mystic Blast      Conjuration                  4
Comestibles
 b - 6 rations


   Skills:
 + Level 0.1 Fighting
 + Level 0.9 Short Blades
   Level 0.4 Axes
 + Level 2.3 Dodging
 + Level 2.3 Stealth
 + Level 3.5 Spellcasting
 + Level 6.1 Conjurations


You had 5 spell levels left.
You knew the following spells:

 Your Spells              Type           Power        Failure   Level  Hunger
a - Magic Dart            Conj           ###.         1%          1    None
b - Searing Ray           Conj           ###...       1%          2    ##.....
c - Iskenderun's Mystic   Conj           ###.....     14%         4    ####...


Dungeon Overview and Level Annotations

Branches:
Dungeon (4/15)
 Temple: D:4-7

Altars:
Cheibriados
The Shining One


Innate Abilities, Weirdness & Mutations

Your plain brown scales are hard. (AC +6)
You cannot fit into any form of body armour.
You are cold-blooded and may be slowed by cold attacks.
Your large and strong wings let you fly indefinitely.
Your flesh is cold resistant. (rC+)
You are dopey. (Int -2)


Message History

The ogre is heavily wounded. (Press . to maintain the ray.)
The searing ray hits the ogre.
The ogre is severely wounded.
The searing ray misses the ogre.
The searing ray misses the ogre.
You finish channeling your searing ray.
The ogre hits you with a giant club!!
Casting: Searing Ray
Confirm with . or Enter, or press ? or * to list all spells.
Aiming: Searing Ray
Press: ? - help, Shift-Dir - straight line, f/p - ogre
Aim: an ogre, wielding a giant club (severely wounded)
The searing ray hits the ogre.
The ogre is almost dead. (Press . to maintain the ray.)
The ogre hits you with a giant club.
The searing ray hits the ogre.
The ogre is almost dead.
The ogre hits you with a giant club!!
You die...

## ..# ## #.# #. #.# #.
#.# #.
###########.#####.
..................
#############.........#.
......O@...##.###><.....
#########.............##
#...>...#####.##
#..##...## #.##
#..#.....# #.##
#..#.....####.#.
#..<............
#.......#####.#.
####..#######.##


You could see an ogre.

Vanquished Creatures
  A hound (D:4)
  An orc wizard (D:4)
  2 orc priests
  A worker ant (D:4)
  6 adders
  3 gnolls (D:2)
  3 worms
  A dart slug (D:3)
  3 leopard geckos
  8 orcs
  3 giant cockroaches
  6 goblins
  9 hobgoblins
  4 jackals (D:4)
  13 kobolds
  2 quokkas (D:2)
  10 bats
  5 frilled lizards
  9 rats
90 creatures vanquished.

Notes
Turn   | Place    | Note
-------+----------+-------------------------------------------
     0 | D:1      | Bluekicks the Draconian Conjurer began the quest for the Orb.
     0 | D:1      | Reached XP level 1. HP: 14/14 MP: 3/3
   233 | D:1      | Reached XP level 2. HP: 19/20 MP: 1/5
   524 | D:1      | Learned a level 2 spell: Searing Ray
   898 | D:1      | Gained mutation: Your magical capacity is low. (-10% MP) [potion of mutation]
   898 | D:1      | Gained mutation: You are resistant to electric shocks. (rElec) [potion of mutation]
  1185 | D:2      | Reached XP level 3. HP: 26/26 MP: 0/5
  1188 | D:2      | Lost mutation: Your magical capacity is low. (-10% MP) [potion of mutation]
  1188 | D:2      | Lost mutation: You are resistant to electric shocks. (rElec) [potion of mutation]
  1188 | D:2      | Gained mutation: Your large and strong wings let you fly indefinitely. [potion of mutation]
  1188 | D:2      | Gained mutation: You are dopey. (Int -2) [potion of mutation]
  1188 | D:2      | Gained mutation: Your flesh is cold resistant. (rC+) [potion of mutation]
  1407 | D:2      | Reached skill level 5 in Conjurations
  1418 | D:2      | Reached XP level 4. HP: 22/33 MP: 1/7
  1518 | D:2      | Learned a level 4 spell: Iskenderun's Mystic Blast
  2297 | D:2      | Found a glowing golden altar of the Shining One.
  2547 | D:3      | Reached XP level 5. HP: 11/38 MP: 2/9
  4711 | D:4      | Reached skill level 6 in Conjurations
  4774 | D:4      | Reached XP level 6. HP: 43/45 MP: 6/11
  5088 | D:4      | Found a snail-covered altar of Cheibriados.
  5159 | D:4      | Slain by an ogre

Vault maps used:
D:1:      giann_forest_graveyard
D:2:      minmay_misc_feat_rows, tso_altar
D:3:      st_stairs_4, grunt_ministairs_2
D:4:      kennysheep_little_box, first_ration

Skill      XL: |  1  2  3  4  5 |
---------------+----------------+-----
Conjurations   | 5 6 |  6.1
Dodging        | 2 |  2.3
Spellcasting   | 3 |  3.5
Stealth        | 2 |  2.3
Fighting       | |  0.1
Short Blades   | |  0.9
Axes           | |  0.4

Action                   |  1- 3 |  4- 6 || total
-------------------------+-------+-------++-------
Melee: Unarmed           |     7 |       ||     7
       Dagger            |    25 |    17 ||    42
       Tailslap          |     6 |     2 ||     8
       Club              |     5 |       ||     5
       War axe           |       |    23 ||    23
Throw: Throwing net      |       |     2 ||     2
 Cast: Magic Dart        |    38 |    64 ||   102
       Searing Ray       |     6 |    27 ||    33
       Iskenderun's Myst |       |     5 ||     5
  Use: Potion            |     3 |     5 ||     8
       Scroll            |     1 |     5 ||     6
  Eat: Chunk             |     2 |    14 ||    16
Armor: Skin              |    12 |    36 ||    48
Dodge: Dodged            |    26 |    46 ||    72

Table legend:
 A = Spawn XP
 B = Non-spawn XP
 C = Spawn XP percentage of total XP
 D = Spawn monster count
 E = Non-spawn monster count
 F = Spawn count percentage of total count
 G = Total turns spent on level
                    A         B        C        D         E        F      G
               +---------+---------+-------+---------+---------+-------+---------
         Total |       0 |     472 |   0.0 |       0 |      90 |   0.0 |  5159
               +---------+---------+-------+---------+---------+-------+---------
           D:1 |       0 |      28 |   0.0 |       0 |      17 |   0.0 |  1010
           D:2 |       0 |      98 |   0.0 |       0 |      25 |   0.0 |  1394
           D:3 |       0 |     136 |   0.0 |       0 |      33 |   0.0 |  1744
           D:4 |       0 |     210 |   0.0 |       0 |      15 |   0.0 |  1011
               +---------+---------+-------+---------+---------+-------+---------
